 Dungeon Crawl Stone Soup version 0.31.0-12-g77e489cdc1 (webtiles) character file.

Game seed: 2500460213301596189

61 spaghetti the Sneak (level 3, -1/29 HPs)
             Began as a Demonspawn Chaos Knight on Mar 7, 2024.
             Was a Plaything of Xom.
             Incinerated by a bombardier beetle (4 damage)
             ... with a burning spray
             ... on level 4 of the Dungeon.
             The game lasted 00:02:02 (1147 turns).

spaghetti the Sneak (Demonspawn Chaos Knight)       Turns: 1147, Time: 00:02:03

Health: -1/29      AC: 12    Str: 12    XL:     3   Next: 83%
Magic:  3/3        EV: 11    Int: 12    God:    Xom [..*...]
Gold:   78         SH:  0    Dex: 14    Spells: 2/2 levels left

rFire   . . .        j - +0 dagger (vamp)
rCold   . . .        (no shield)
rNeg    . . .        b - +3 leather armour
rPois   .            (helmet restricted)
rElec   .            (no cloak)
rCorr   .            (no gloves)
SInv    .            (no boots)
Will    .....        (no amulet)
Stlth   +            k - +4 ring of protection
HPRegen 0.24/turn    (no ring)
MPRegen 0.08/turn

%: no passive effects
@: brilliant, on fire, hasted, glowing, very quick
A: antennae 1, icy blue scales 1
a: Renounce Religion


You were on level 4 of the Dungeon.
You worshipped Xom.
You were a toy of Xom.
You visited 1 branch of the dungeon, and saw 3 of its levels.

You collected 78 gold pieces.

Inventory:

Hand Weapons
 a - a +0 short sword of chaos
 j - a +0 vampiric dagger (weapon)
Armour
 b - a +3 leather armour (worn)
Jewellery
 k - a +4 ring of protection (left hand)
Wands
 f - a wand of charming (11)
Scrolls
 c - 2 scrolls of butterflies
 e - a scroll of vulnerability
 g - a scroll of teleportation
Potions
 i - a potion of might {unknown}


   Skills:
 - Level 3.0 Fighting
 - Level 2.6 Short Blades
 - Level 1.7 Armour
 - Level 0.8 Dodging
 - Level 3.5 Stealth
 + Level 0.0 Evocations


You had 2 spell levels left.
You didn't know any spells.
Your spell library was empty.

Dungeon Overview and Level Annotations

Branches:
Dungeon (4/15)
 Temple: D:4-7

Altars:


Innate Abilities, Weirdness & Mutations

You have a pair of small antennae on your head.
You are partially covered in icy blue scales. (AC +2)


Message History

You are too injured to fight recklessly!
You are too injured to fight recklessly!
You are too injured to fight recklessly!
You are too injured to fight recklessly!
You are too injured to fight recklessly!
You are too injured to fight recklessly!
You are too injured to fight recklessly!
You are too injured to fight recklessly!
You are too injured to fight recklessly!
You are too injured to fight recklessly!
You are too injured to fight recklessly!
You are too injured to fight recklessly!
You are too injured to fight recklessly!
Unknown command.
You barely miss the bombardier beetle.
The bombardier beetle is lightly wounded.
The liquid fire burns you!
You hit the bombardier beetle.
You feel better.
The bombardier beetle is moderately wounded.
The liquid fire burns you!
The bombardier beetle bites you but does no damage.
You hit the bombardier beetle but do no damage.
The bombardier beetle is moderately wounded.
The liquid fire burns you!
You hit the bombardier beetle.
You feel better.
The bombardier beetle is moderately wounded.
The liquid fire burns you!
The bombardier beetle barely misses you.
You feel clever all of a sudden. The liquid fire burns you!
* * * LOW HITPOINT WARNING * * *
The bombardier beetle sprays incendiary fluid at you.
The burning spray hits you.
You are even more covered in liquid fire!
You feel yourself speed up. The liquid fire burns you!
* * * LOW HITPOINT WARNING * * *
You shake off some of the fire as you move.
The liquid fire burns you!
You die...

#.#.....####..........###
#.#.....# #............#
#.####### ############.##
#.################
###..##
#.......#........#
#.....#
#.......#........#
#.....#
#.......#...?....#
#.....#
#......!#........#
#......
#.....<...@.B....#
#......
#................#
#......
#................#
#......
.........#........#
#......
#......[..##########
#..(....... ##...#+#####
...


You could see a bombardier beetle.

Vanquished Creatures
  A gnoll (D:1)
  An adder (D:4)
  A dart slug (D:1)
  A ball python (D:4)
  7 endoplasms
  2 giant cockroaches (D:1)
  2 hobgoblins
  6 jackals (D:1)
  2 quokkas (D:1)
  2 bats (D:1)
  2 frilled lizards
  5 kobolds
  3 rats
35 creatures vanquished.

Vanquished Creatures (collateral kills)
  A jackal (D:1)
  A frilled lizard (D:1)
2 creatures vanquished.

Grand Total: 37 creatures vanquished

Notes
Turn   | Place    | Note
-------+----------+-------------------------------------------
     0 | D:1      | spaghetti the Demonspawn Chaos Knight began the quest for
                  | the Orb.
     0 | D:1      | Reached XP level 1. HP: 18/18 MP: 1/1
   110 | D:1      | XOM: silly message
   121 | D:1      | Reached skill level 1 in Stealth
   137 | D:1      | Gained mutation: You are partially covered in icy blue
                  | scales. (AC +2) [demonic ancestry]
   137 | D:1      | Reached XP level 2. HP: 21/24 MP: 2/2
   247 | D:1      | XOM: silly message
   327 | D:1      | XOM: 8-stop teleportation journey
   385 | D:1      | XOM: potion effect (heal wounds)
   387 | D:1      | XOM: cast spell 'Animate Armour'
   460 | D:1      | Gained mutation: You have a pair of small antennae on your
                  | head. [demonic ancestry]
   460 | D:1      | Reached XP level 3. HP: 29/29 MP: 3/3
   518 | D:1      | XOM: potion effect (attraction)
  1000 | D:2      | You fall into a shaft and drop 2 floors!
  1016 | D:4      | XOM: potion effect (haste)
  1139 | D:4      | XOM: silly message
  1147 | D:4      | Incinerated by a bombardier beetle

Illustrated notes

Levels and vault maps discovered:
D:1:      heliophobic_arrival_battle_scene, layout_basic, supply_closet_lemuel
D:2:      layout_loops_ring, chequers_serial_rivers_marsh, uniq_natasha
D:4:      layout_basic, mainiacjoe_overflow_alcove_2, lemuel_crystal_altar

Skill      XL: |  1  2  3 |
---------------+----------+-----
Stealth        | 1 2 3 |  3.5
Fighting       | |  3.0
Short Blades   | |  2.6
Armour         | |  1.7
Dodging        | |  0.8

Action                     || total
---------------------------++-------
  Melee: Short sword       ||    95
         Dagger            ||   101
    Use: Scroll            ||     6
         Potion            ||     5
   Stab: Sleeping          ||     1
 Armour: Leather armour    ||    99
  Dodge: Dodged            ||    77
